 Dungeon Crawl Stone Soup version 0.29.1-1-gd02db6906a (webtiles) character file.

Game seed: 11865890646047434388

8 Ashen the Magician (level 2, 19/19 HPs)
             Began as a Demonspawn Hedge Wizard on Oct 21, 2022.
             Got out of the dungeon alive.
             The game lasted 00:01:16 (466 turns).

Ashen the Magician (Demonspawn Hedge Wizard)         Turns: 466, Time: 00:01:17

Health: 19/19      AC:  2    Str: 10    XL:     2   Next: 0%
Magic:  6/6        EV: 12    Int: 15    God:
Gold:   42         SH:  0    Dex: 12    Spells: 6/7 levels left

rFire   . . .      SeeInvis .   f - +0 short sword
rCold   . . .      Faith    .   (no shield)
rNeg    . . .      Spirit   .   b - +0 robe
rPois   .          Reflect  .   c - +0 hat
rElec   .          Harm     .   (no cloak)
rCorr   .          Rampage  .   (no gloves)
Will    .....                   (no boots)
Stlth   ++........              g - amulet of magic regeneration
HPRegen 0.06/turn               (no ring)
MPRegen 0.50/turn               (no ring)

@: no status effects
A: claws 1
a: no special abilities


You escaped.
You visited 1 branch of the dungeon, and saw 1 of its levels.

You collected 42 gold pieces.

Inventory:

Hand Weapons
 a - a +0 dagger
 f - a +0 short sword (weapon)
Armour
 b - a +0 robe (worn)
 c - a +0 hat (worn)
Jewellery
 g - an amulet of magic regeneration (around neck)
Scrolls
 e - a scroll of amnesia {unknown}
 i - a scroll of vulnerability {unknown}
Potions
 d - a potion of magic
 h - a potion of berserk rage {unknown}


   Skills:
 + Level 0.0 Fighting
 + Level 1.9 Dodging
 + Level 2.0 Stealth
 + Level 3.0 Spellcasting
 + Level 1.1 Conjurations
 + Level 1.2 Summonings
 + Level 1.1 Translocations


You had 6 spell levels left.
You knew the following spells:

 Your Spells              Type           Power      Damage    Failure   Level
a - Magic Dart            Conj           20%        1d4       12%         1

Your spell library contained the following spells:

 Spells                   Type           Power      Damage    Failure   Level
 Blink                    Tloc           10%        N/A       19%         2
 Call Imp                 Summ           5%         N/A       19%         2
 Slow                     Hex            8%         N/A       21%         1
 Conjure Flame            Conj/Fire      4%         6-21      43%         3
 Mephitic Cloud           Conj/Pois/Air  3%         N/A       45%         3


Dungeon Overview and Level Annotations

Branches:
Dungeon (1/15)

Altars:


Innate Abilities, Weirdness & Mutations

You have sharp fingernails.


Message History

Aim: an endoplasm (severely wounded, 100% to hit)
The magic dart hits the endoplasm.
You kill the endoplasm!
You open the door.
There is an open door here.
Found a scale mail.
A ball python comes into view.
The helpless ball python fails to defend itself.
You puncture the ball python!
You kill the ball python!
Your Stealth skill increases to level 2!
You see here a ball python corpse.
You now have 18 gold pieces (gained 3).
You open the door.
There is an open door here.
Found a stone staircase leading down.
Unknown command.
Found a stone staircase leading down.
A goblin comes into view. It is wielding a +0 dagger.
The goblin shouts!
Casting: Magic Dart (safe; 13% risk of failure)
Confirm with . or Enter, or press ? or * to list all spells.
Aiming: Magic Dart (safe; 13% risk of failure)
Press: ? - help, Shift-Dir - straight line, f - goblin
Aim: a goblin, wielding a +0 dagger (100% to hit)
The magic dart hits the goblin.
You kill the goblin!
You have reached level 2!
You feel monstrous as your demonic heritage exerts itself.
Your demonic ancestry asserts itself...
Your fingernails lengthen.
You now have 29 gold pieces (gained 11).
Found 13 gold pieces.
Things that are here:
a +0 dagger; a goblin corpse You now have 42 gold pieces (gained 13).
You see here a ball python corpse.
There is a staircase leading out of the dungeon here.
Are you sure you want to leave the Dungeon?
This will make you lose the game!
You have escaped!

......#.............#... #.#
...##....###...###....# #.#
######...#>......#...# #.#
#...#.......#...# #.#
##.............# #.#
#......#......# #.#
######.[...........### #.#
#.......#.......#....# #####.#
##.##....#......@#....#####......
.........###...###............#.#
##....#.............#.#####.#....
#######...(.........### #.#.... #
####...###...### #.#.... #.######
####.# #...... #.## #.# ###....
#..# #.# ###.# ##.# #.# ##+#


There were no monsters in sight!

Vanquished Creatures
  A dart slug (D:1)
  An endoplasm (D:1)
  A goblin (D:1)
  A quokka (D:1)
  A ball python (D:1)
  A kobold (D:1)
6 creatures vanquished.

Notes
Turn   | Place    | Note
-------+----------+-------------------------------------------
     0 | D:1      | Ashen the Demonspawn Hedge Wizard began the quest for the
                  | Orb.
     0 | D:1      | Reached XP level 1. HP: 13/13 MP: 4/4
   242 | D:1      | Reached skill level 1 in Translocations
   429 | D:1      | Discovered your monstrous ancestry.
   429 | D:1      | Gained mutation: You have sharp fingernails. [demonic
                  | ancestry]
   429 | D:1      | Reached XP level 2. HP: 19/19 MP: 4/6
   466 | D:$      | Got out of the dungeon alive.

Illustrated notes

Levels and vault maps discovered:
D:1:      minmay_arrival_open_corners, layout_loops_corners

Skill      XL: |  1 |
---------------+----+-----
Translocations | 1 |  1.1
Stealth        | 2 |  2.0
Dodging        | |  1.9
Spellcasting   | |  3.0
Conjurations   | |  1.1
Summonings     | |  1.2

Action                   || total
-------------------------++-------
Melee: Dagger            ||     7
       Short sword       ||     1
 Cast: Magic Dart        ||    13
 Stab: Sleeping          ||     1
Armor: Robe              ||     1
Dodge: Dodged            ||     2
